 Dungeon Crawl Stone Soup version 0.31-a0-187-gba352fbbf7 (webtiles) character file.

Game seed: 10225370352960698660

75 qw the Shooter (level 4, -3/25 HPs)
             Began as a Deep Elf Hunter on June 22, 2023.
             Slain by a gnoll
             ... wielding a +0 flail
              (10 damage)
             ... on level 2 of the Dungeon.
             The game lasted 00:00:34 (1745 turns).

qw the Shooter (Deep Elf Hunter)                    Turns: 1745, Time: 00:00:34

Health: -3/25      AC:  3    Str: 10    XL:     4   Next: 11%
Magic:  6/6        EV: 12    Int: 14    God:
Gold:   119        SH:  0    Dex: 18    Spells: 3/3 levels left

rFire   . . .        Y - +1 shortbow
rCold   . . .        (shield currently unavailable)
rNeg    . . .        c - +0 leather armour
rPois   .            (no helmet)
rElec   .            (no cloak)
rCorr   .            (no gloves)
SInv    .            (no boots)
Will    .....        (no amulet)
Stlth   ++           (no ring)
HPRegen 0.24/turn    (no ring)
MPRegen 0.10/turn

%: no passive effects
@: no status effects
A: no striking features
a: no special abilities


You were on level 2 of the Dungeon.
You visited 1 branch of the dungeon, and saw 2 of its levels.

You collected 119 gold pieces.


   Skills:
 - Level 1.5 Fighting
 + Level 7.5 Ranged Weapons
 - Level 2.4 Dodging
 - Level 1.2 Stealth


You had 3 spell levels left.
You didn't know any spells.
Your spell library was empty.

Inventory:

Hand Weapons
 Y - a +1 shortbow (weapon)
Armour
 c - a +0 leather armour (worn)
 d - a +0 ring mail
Jewellery
 b - an amulet of magic regeneration
Scrolls
 e - a scroll of torment {unknown}
 h - a scroll of fear {unknown}
Potions
 a - a potion of attraction {unknown}
 f - a potion of haste {unknown}
 g - a potion of lignification {unknown}
 j - a potion of heal wounds {unknown}

Dungeon Overview and Level Annotations

Branches:
Dungeon (2/15)

Altars:
Uskayaw


Message History

The gnoll closely misses you.
You shoot an arrow. The arrow hits the gnoll!
You kill the gnoll!
You have reached level 4!
You feel clever.
A gnoll comes into view. It is wielding a +0 flail.
The gnoll shouts!
Enter note:
Enter note:
Enter note:
Enter note:
Enter note:
Enter note:
Enter note:
Enter note:
Enter note: You shoot an arrow.
The arrow hits the gnoll.
The gnoll is lightly wounded.
A gnoll comes into view. It is wielding a +0 spear.
You shoot an arrow. The arrow closely misses the gnoll.
You shoot an arrow.
The arrow hits the gnoll but does no damage.
The gnoll is lightly wounded.
You shoot an arrow. The arrow hits the gnoll.
The gnoll is moderately wounded.
You shoot an arrow. The arrow barely misses the gnoll.
The gnoll closely misses you.
You shoot an arrow. The arrow closely misses the gnoll.
The arrow hits the gnoll.
The gnoll is lightly wounded.
The gnoll hits you with a +0 flail.
The gnoll hits you from afar with a +0 spear.
You shoot an arrow. The arrow hits the gnoll.
The gnoll is severely wounded.
The gnoll barely misses you.
The gnoll hits you from afar with a +0 spear!
You shoot an arrow. The arrow closely misses the gnoll.
The arrow hits the gnoll.
The gnoll is moderately wounded.
The gnoll hits you with a +0 flail!
You die... 777

7.....77 #.#
#.# 7 7.7...7
#.# #####..
77.777.7 #.#
###......
77..7 7.7
#.###...#####
7..77 7.7
#%.##.###
77..7 7.7
#.......#####
7..77 7.77
#.#####+##...


777 7..7 7..7 #.# #........ 7.7 77.77 77@7 #.# #........ 777.7 7..7 7g7 #.#
#........ 7...777..7 .g7 #.# #........ .....7..77 7.77 #.###........ ...7....7
7. #...%........ .7777.777 .7 #####........ .7 777 . #..>..... .77 7. ####'####
..7 #.# You could see 2 gnolls.

Vanquished Creatures
  A gnoll (D:2)
  An adder (D:2)
  2 worms (D:2)
  A dart slug (D:2)
  5 ball pythons
  8 bats
  3 endoplasms
  2 goblins
  4 hobgoblins
  5 jackals (D:1)
  A quokka (D:2)
  2 frilled lizards (D:2)
  6 kobolds
  6 rats
47 creatures vanquished.

Notes
Turn   | Place    | Note
-------+----------+-------------------------------------------
     0 | D:1      | qw the Deep Elf Hunter began the quest for the Orb.
     0 | D:1      | Reached XP level 1. HP: 12/12 MP: 3/3
     0 | D:1      | 0 ||| qw: Version: 0.3-a-9-g12657ce
     0 | D:1      | 0 ||| qw: Game counter: 2420
     0 | D:1      | 0 ||| qw: Always use a shield: true
     0 | D:1      | 0 ||| qw: God list: Okawaru
     0 | D:1      | 0 ||| qw: Allow faded altars: false
     0 | D:1      | 0 ||| qw: Do Orc after D:15 true
     0 | D:1      | 0 ||| qw: Do second Lair branch before Depths: true
     0 | D:1      | 0 ||| qw: Lair rune preference: random
     0 | D:1      | 0 ||| qw: Plans: Normal
     0 | D:1      | 0 ||| PLANNING D:1-11
   237 | D:1      | Reached XP level 2. HP: 16/16 MP: 4/4
   313 | D:1      | Reached skill level 6 in Ranged Weapons
   905 | D:1      | 905 ||| READING scroll labelled EFRUH ZIRIONECW.
   906 | D:1      | 906 ||| READING scroll labelled DUEDIODDANI.
   907 | D:1      | 907 ||| READING scroll labelled ZOL MITRUO.
   908 | D:1      | 908 ||| READING scroll labelled DELAEN RAEMM.
   909 | D:1      | 909 ||| READING scroll labelled NUHUEL BUADAT.
   910 | D:1      | 910 ||| DROPPING scroll of butterflies.
  1028 | D:2      | Reached XP level 3. HP: 19/20 MP: 5/5
  1050 | D:2      | Found a hide-covered altar of Uskayaw.
  1081 | D:2      | Reached skill level 7 in Ranged Weapons
  1110 | D:2      | Found a faded altar of an unknown god.
  1737 | D:2      | Reached XP level 4. HP: 25/25 MP: 6/6
  1744 | D:2      | HP: 6/25 [gnoll/+0 spear (8)]
  1745 | D:2      | Slain by a gnoll

Levels and vault maps discovered:
D:1:      sevenhm_arrival_forest_fort_small_3, layout_loops_corners
D:2:      kb_forest_paths, layout_basic, basic_ecumenical_altar, basic_altar

Skill      XL: |  1  2  3 |
---------------+----------+-----
Ranged Weapons | 6 7 |  7.5
Fighting       | |  1.5
Dodging        | |  2.4
Stealth        | |  1.2

Action                     |  1- 3 |  4- 6 || total
---------------------------+-------+-------++-------
   Fire: Shortbow          |   131 |     8 ||   139
    Use: Scroll            |     5 |       ||     5
 Armour: Leather armour    |    17 |       ||    17
  Dodge: Dodged            |    27 |     2 ||    29

Table legend:
 A = Non-vault XP
 B = Vault XP
 C = Vault XP percentage of total XP
 D = Non-vault monster count
 E = Vault monster count
 F = Vault count percentage of total count
                 A         B        C        D         E       F
            +---------+---------+-------+---------+---------+-------
      Total |      96 |      12 |  11.1 |      41 |       6 |  12.8
            +---------+---------+-------+---------+---------+-------
        D:1 |      31 |       0 |   0.0 |      19 |       0 |   0.0
        D:2 |      65 |      12 |  15.6 |      22 |       6 |  21.4
            +---------+---------+-------+---------+---------+-------
